[ AOE2 MATCH · #507056084 ]
UnrankedGeorgians vs Malians
Player's team · LOSS
Rival team · WIN
[ REPLAY ANALYSIS · EXTRACTED FROM THE RECORDED GAME ]
Feudal
8:51
Castle
22:25
Imperial
33:54
| APM avg | 60.5 |
| APM peak | 158 |
| eAPM avg | 29.0 |
| Villagers / military | 182 / 195 |
Focus
⚔️ 36.0% · 🌾 64.0%
Scout Cavalry ×97 · Hand Cannoneer ×30 · Cavalry Archer ×23 · Skirmisher ×20 · Knight ×14 · Battering Ram ×10
Feudal
9:16
Castle
21:00
Imperial
30:25
| APM avg | 33.1 |
| APM peak | 78 |
| eAPM avg | 23.5 |
| Villagers / military | 199 / 388 |
Focus
⚔️ 32.7% · 🌾 67.3%
Militia ×276 · Spearman ×33 · Gbeto ×25 · Bombard Cannon ×21 · Hand Cannoneer ×12 · Trebuchet (Packed) ×10
Match map
Initial resources + every placement click. Lines = walls · curves = elevation contours. ◆ gold · ⬟ stone · ● berries · ✦ relic · ◌ wall gap
Your base· ✓ Closed at 22:25 · 6t walls · 2 gate(s)
FC | SomeHumblePie's base· ✓ Closed at 21:00 · 0t walls · 3 gate(s)
Smoothed initial terrain · ◌ = detected wall gap · hover for details
Inputs per minute
— 抖音帝国阿飞 - - FC | SomeHumblePie
Build order — 抖音帝国阿飞
First 150 of 489 actions detected
| 0:00 | Queue | Villager (Male) |
| 0:01 | Queue | Villager (Male) |
| 0:01 | Queue | Villager (Male) |
| 0:02 | Build | House |
| 0:04 | Build | House |
| 0:24 | Queue | Villager (Male) |
| 1:26 | Queue | Villager (Male) |
| 2:00 | Queue | Villager (Male) |
| 2:10 | Queue | Villager (Male) |
| 2:13 | Build | Mill |
| 2:33 | Queue | Villager (Male) |
| 2:56 | Queue | Villager (Male) |
| 3:18 | Queue | Villager (Male) |
| 3:44 | Queue | Villager (Male) |
| 3:49 | Build | House |
| 4:16 | Queue | Villager (Male) |
| 4:35 | Queue | Villager (Male) |
| 5:26 | Queue | Villager (Male) |
| 5:50 | Queue | Villager (Male) |
| 6:08 | Research | Loom |
| 6:35 | Research | Feudal Age |
| 7:00 | Build | House |
| 7:52 | Build | House |
| 8:51 | Age | Feudal Age |
| 8:53 | Build | Watch Tower |
| 8:55 | Queue | Villager (Male) |
| 8:58 | Research | Double-Bit Axe |
| 9:22 | Queue | Villager (Male) |
| 9:59 | Queue | Villager (Male) |
| 10:22 | Queue | Villager (Male) |
| 10:28 | Build | Mule Cart |
| 10:42 | Research | Stone Mining |
| 10:46 | Research | Horse Collar |
| 10:57 | Queue | Villager (Male) |
| 11:03 | Build | House |
| 11:14 | Build | House |
| 11:20 | Queue | Villager (Male) |
| 11:38 | Build | House |
| 11:40 | Build | House |
| 11:52 | Queue | Villager (Male) |
| 12:19 | Queue | Villager (Male) |
| 12:38 | Queue | Villager (Male) |
| 12:45 | Build | Farm |
| 12:52 | Queue | Villager (Male) |
| 12:56 | Queue | Villager (Male) |
| 13:01 | Build | Barracks |
| 13:01 | Queue | Villager (Male) |
| 13:15 | Queue | Villager (Male) |
| 13:36 | Queue | Villager (Male) |
| 13:44 | Build | Farm |
| 13:51 | Queue | Villager (Male) |
| 14:00 | Build | Stone Wall |
| 14:18 | Build | Farm |
| 14:24 | Queue | Villager (Male) |
| 14:30 | Queue | Villager (Male) |
| 14:38 | Queue | Villager (Male) |
| 14:40 | Build | Farm |
| 14:48 | Build | Farm |
| 14:48 | Queue | Villager (Male) |
| 15:08 | Build | Farm |
| 15:18 | Build | Farm |
| 15:21 | Build | Stone Wall |
| 15:23 | Queue | Villager (Male) |
| 15:25 | Build | Farm |
| 15:58 | Build | Farm |
| 16:00 | Build | Farm |
| 16:02 | Build | Farm |
| 16:41 | Build | Farm |
| 16:56 | Build | Mule Cart |
| 17:17 | Build | Farm |
| 17:18 | Build | Farm |
| 17:45 | Build | Farm |
| 17:47 | Queue | Villager (Male) |
| 18:01 | Build | Farm |
| 18:08 | Queue | Villager (Male) |
| 18:27 | Build | Stable |
| 18:39 | Queue | Villager (Male) |
| 18:43 | Build | Market |
| 18:53 | Build | Farm |
| 19:03 | Queue | Villager (Male) |
| 19:16 | Build | Farm |
| 19:17 | Build | Farm |
| 19:43 | Build | Farm |
| 19:45 | Research | Castle Age |
| 19:58 | Build | House |
| 19:59 | Build | House |
| 20:15 | Research | Bloodlines |
| 20:15 | Research | Bloodlines |
| 20:30 | Build | Blacksmith |
| 20:34 | Build | House |
| 20:35 | Build | House |
| 20:40 | Research | Gold Mining |
| 21:16 | Research | Scale Barding Armor |
| 21:25 | Queue | Scout Cavalry |
| 21:31 | Research | Forging |
| 21:32 | Queue | Scout Cavalry |
| 21:54 | Queue | Scout Cavalry |
| 22:02 | Queue | Scout Cavalry |
| 22:19 | Queue | Scout Cavalry |
| 22:25 | Age | Castle Age |
| 22:40 | Queue | Villager (Male) |
| 22:43 | Build | Monastery |
| 22:56 | Queue | Villager (Male) |
| 23:01 | Build | Town Center |
| 23:05 | Build | Monastery |
| 23:12 | Research | Husbandry |
| 23:13 | Research | Light Cavalry (upgrade) |
| 23:24 | Build | Town Center |
| 23:34 | Queue | Villager (Male) |
| 23:56 | Queue | Villager (Male) |
| 23:56 | Queue | Villager (Male) |
| 23:56 | Queue | Villager (Male) |
| 24:00 | Build | Farm |
| 24:15 | Queue | Villager (Male) |
| 24:22 | Queue | Monk |
| 24:28 | Queue | Villager (Male) |
| 24:36 | Research | Wheelbarrow |
| 24:45 | Queue | Villager (Male) |
| 24:46 | Queue | Villager (Male) |
| 24:46 | Queue | Villager (Male) |
| 24:56 | Build | Castle |
| 25:00 | Queue | Villager (Male) |
| 25:07 | Build | Farm |
| 25:15 | Queue | Villager (Male) |
| 25:16 | Queue | Villager (Male) |
| 25:20 | Build | Town Center |
| 25:29 | Queue | Villager (Male) |
| 25:30 | Queue | Villager (Male) |
| 25:37 | Queue | Villager (Male) |
| 25:52 | Queue | Villager (Male) |
| 25:53 | Queue | Villager (Male) |
| 25:53 | Queue | Villager (Male) |
| 25:56 | Build | Farm |
| 26:00 | Queue | Villager (Male) |
| 26:01 | Queue | Villager (Male) |
| 26:07 | Queue | Villager (Male) |
| 26:21 | Queue | Villager (Male) |
| 26:25 | Queue | Villager (Male) |
| 26:31 | Queue | Villager (Male) |
| 26:31 | Queue | Villager (Male) |
| 26:37 | Build | Town Center |
| 26:48 | Queue | Villager (Male) |
| 26:48 | Queue | Villager (Male) |
| 26:49 | Queue | Villager (Male) |
| 26:49 | Queue | Villager (Male) |
| 26:49 | Queue | Villager (Male) |
| 26:58 | Build | Farm |
| 26:58 | Build | Farm |
| 27:19 | Queue | Scout Cavalry |
| 27:29 | Queue | Scout Cavalry |
Build order — FC | SomeHumblePie
First 150 of 572 actions detected
| 0:00 | Queue | Villager (Male) |
| 0:01 | Queue | Villager (Male) |
| 0:02 | Build | House |
| 0:04 | Build | House |
| 0:47 | Queue | Villager (Male) |
| 0:48 | Queue | Villager (Male) |
| 1:24 | Queue | Villager (Male) |
| 1:52 | Queue | Villager (Male) |
| 2:13 | Build | Lumber Camp |
| 2:27 | Queue | Villager (Male) |
| 2:38 | Queue | Villager (Male) |
| 2:44 | Build | House |
| 3:09 | Queue | Villager (Male) |
| 3:32 | Queue | Villager (Male) |
| 4:08 | Queue | Villager (Male) |
| 4:09 | Queue | Villager (Male) |
| 4:09 | Queue | Villager (Male) |
| 4:19 | Queue | Villager (Male) |
| 4:19 | Queue | Villager (Male) |
| 4:46 | Build | Barracks |
| 5:13 | Queue | Villager (Male) |
| 5:13 | Queue | Villager (Male) |
| 5:21 | Build | Mill |
| 5:27 | Research | Loom |
| 6:26 | Build | House |
| 7:05 | Research | Feudal Age |
| 7:33 | Queue | Militia |
| 7:53 | Build | Lumber Camp |
| 7:54 | Queue | Villager (Male) |
| 7:59 | Queue | Militia |
| 8:11 | Queue | Militia |
| 9:05 | Queue | Villager (Male) |
| 9:16 | Age | Feudal Age |
| 9:24 | Research | Man-at-Arms (upgrade) |
| 9:37 | Queue | Villager (Male) |
| 9:58 | Queue | Villager (Male) |
| 10:00 | Build | Mining Camp |
| 10:10 | Build | House |
| 10:13 | Build | House |
| 10:14 | Build | House |
| 10:34 | Build | Outpost |
| 10:45 | Build | Mill |
| 10:49 | Research | Town Watch |
| 10:50 | Queue | Villager (Male) |
| 10:59 | Build | Watch Tower |
| 11:11 | Build | Outpost |
| 11:17 | Build | Outpost |
| 11:18 | Queue | Villager (Male) |
| 11:43 | Build | Watch Tower |
| 12:03 | Build | Watch Tower |
| 12:14 | Queue | Villager (Male) |
| 12:14 | Queue | Villager (Male) |
| 12:20 | Queue | Villager (Male) |
| 12:35 | Queue | Villager (Male) |
| 12:35 | Queue | Villager (Male) |
| 12:45 | Research | Horse Collar |
| 12:53 | Build | Farm |
| 12:54 | Build | Farm |
| 12:56 | Build | Farm |
| 13:00 | Queue | Villager (Male) |
| 13:00 | Queue | Villager (Male) |
| 13:39 | Build | Mill |
| 13:45 | Queue | Villager (Male) |
| 13:45 | Queue | Villager (Male) |
| 13:47 | Build | Farm |
| 13:52 | Build | House |
| 13:53 | Build | House |
| 14:14 | Build | Farm |
| 14:18 | Build | House |
| 14:30 | Build | Farm |
| 14:34 | Queue | Villager (Male) |
| 14:34 | Queue | Villager (Male) |
| 14:42 | Queue | Villager (Male) |
| 15:11 | Queue | Villager (Male) |
| 15:13 | Build | Farm |
| 15:14 | Build | Farm |
| 15:27 | Queue | Villager (Male) |
| 15:29 | Build | Farm |
| 16:00 | Build | Farm |
| 16:15 | Build | Blacksmith |
| 16:21 | Build | Farm |
| 16:25 | Queue | Villager (Male) |
| 17:06 | Build | Market |
| 17:12 | Queue | Villager (Male) |
| 17:14 | Build | Farm |
| 17:27 | Build | Mining Camp |
| 17:41 | Queue | Villager (Male) |
| 18:20 | Research | Castle Age |
| 18:29 | Build | Archery Range |
| 18:31 | Build | House |
| 18:32 | Build | House |
| 18:42 | Build | Outpost |
| 19:00 | Queue | Villager (Male) |
| 19:00 | Queue | Villager (Male) |
| 19:02 | Research | Double-Bit Axe |
| 19:47 | Research | Wheelbarrow |
| 19:56 | Build | House |
| 19:57 | Build | House |
| 20:02 | Queue | Villager (Male) |
| 20:03 | Queue | Villager (Male) |
| 20:04 | Queue | Villager (Male) |
| 20:04 | Queue | Villager (Male) |
| 21:00 | Age | Castle Age |
| 21:07 | Build | Monastery |
| 21:11 | Research | Bow Saw |
| 21:11 | Research | Gold Mining |
| 21:18 | Research | Heavy Plow |
| 21:35 | Build | Monastery |
| 21:38 | Queue | Villager (Male) |
| 21:46 | Build | University |
| 21:46 | Queue | Monk |
| 21:47 | Queue | Monk |
| 22:02 | Queue | Villager (Male) |
| 22:02 | Queue | Villager (Male) |
| 22:30 | Queue | Monk |
| 23:03 | Build | Mining Camp |
| 23:27 | Queue | Spearman |
| 23:27 | Queue | Spearman |
| 23:36 | Queue | Villager (Male) |
| 23:36 | Queue | Villager (Male) |
| 24:12 | Queue | Spearman |
| 24:12 | Queue | Spearman |
| 24:12 | Queue | Spearman |
| 24:13 | Queue | Villager (Male) |
| 24:13 | Queue | Villager (Male) |
| 24:13 | Queue | Villager (Male) |
| 24:14 | Queue | Villager (Male) |
| 24:14 | Queue | Villager (Male) |
| 24:19 | Build | Farm |
| 24:20 | Build | Farm |
| 24:21 | Build | Farm |
| 24:23 | Build | Farm |
| 24:26 | Queue | Villager (Male) |
| 24:27 | Queue | Villager (Male) |
| 24:29 | Build | Lumber Camp |
| 24:41 | Research | Scale Mail Armor |
| 25:14 | Build | Farm |
| 25:16 | Build | Farm |
| 25:17 | Build | Farm |
| 25:17 | Build | Farm |
| 25:19 | Build | Farm |
| 25:20 | Build | Farm |
| 25:23 | Queue | Villager (Male) |
| 25:24 | Queue | Villager (Male) |
| 25:34 | Queue | Monk |
| 25:35 | Queue | Monk |
| 25:35 | Queue | Monk |
| 26:01 | Queue | Spearman |
| 26:01 | Queue | Spearman |
| 27:05 | Research | Imperial Age |
Match timeline
| 4:46 | FC | SomeHumblePie · first_building Barracks |
| 8:51 | 抖音帝国阿飞 · age_up feudal |
| 9:16 | FC | SomeHumblePie · age_up feudal |
| 13:01 | 抖音帝国阿飞 · first_building Barracks |
| 14:00 | 抖音帝国阿飞 · wall_segment Stone Wall x5 |
| 15:21 | 抖音帝国阿飞 · wall_segment Stone Wall x1 |
| 18:27 | 抖音帝国阿飞 · first_building Stable |
| 18:29 | FC | SomeHumblePie · first_building Archery Range |
| 21:00 | FC | SomeHumblePie · age_up castle |
| 21:07 | FC | SomeHumblePie · first_building Monastery |
| 22:25 | 抖音帝国阿飞 · age_up castle |
| 22:43 | 抖音帝国阿飞 · first_building Monastery |
| 24:56 | 抖音帝国阿飞 · first_building Castle |
| 27:54 | FC | SomeHumblePie · first_building Castle |
| 30:25 | FC | SomeHumblePie · age_up imperial |
| 30:34 | FC | SomeHumblePie · first_market_buy 100 food |
| 30:35 | FC | SomeHumblePie · first_market_sell 100 wood |
| 30:38 | 抖音帝国阿飞 · first_market_buy 100 food |
| 30:42 | FC | SomeHumblePie · first_building Siege Workshop |
| 33:14 | 抖音帝国阿飞 · first_building Archery Range |
| 33:54 | 抖音帝国阿飞 · age_up imperial |
| 38:27 | 抖音帝国阿飞 · wall_segment Stone Wall x1 |
| 38:29 | 抖音帝国阿飞 · wall_segment Stone Wall x1 |
| 38:29 | 抖音帝国阿飞 · wall_segment Stone Wall x1 |
| 38:37 | 抖音帝国阿飞 · wall_segment Stone Wall x1 |
| 38:38 | 抖音帝国阿飞 · wall_segment Stone Wall x1 |
| 39:35 | 抖音帝国阿飞 · first_building Siege Workshop |
| 59:21 | FC | SomeHumblePie · wall_segment Palisade Wall x1 |
| 59:24 | FC | SomeHumblePie · wall_segment Palisade Wall x1 |
| 62:02 | 抖音帝国阿飞 · resign |
[ AI ANALYSIS · 1 CREDIT ]
What really happened in this match?
Wolo.gg analyzes every decision: build order, eco, micro, common mistakes by bracket. Personalized analysis on WhatsApp or Discord in 30 seconds.
Civ guide
Georgians
Perfil
Jugador #5963639